 Dungeon Crawl Stone Soup version 0.24-a0-769-g368c1644f8 (webtiles) character file.

Game seed: 745890279226485579, levelgen mode: deterministic

91227 Kairok the Unseen (level 16, 0/84 HPs)
             Began as a Vine Stalker Assassin on Oct 4, 2019.
             Was the Champion of Okawaru.
             Slain by a nagaraja
             ... wielding a +0 spear
              (2 damage)
             ... on level 3 of the Snake Pit on Oct 5, 2019.
             The game lasted 01:06:27 (19156 turns).

Kairok the Unseen (Vine Stalker Assassin)          Turns: 19156, Time: 01:06:29

Health: 0/84       AC: 17    Str: 14    XL:     16   Next: 2%
Magic:  0/21       EV: 17    Int: 14    God:    Okawaru [******]
Gold:   1207       SH: 18    Dex: 23    Spells: 15/15 levels left

rFire    + + .     SeeInvis +   E - +5 quick blade of Fortitude {venom, *Noise rElec rPois}
rCold    + + .     Gourm    .   z - +0 large shield
rNeg     + + .     Faith    +   B - +3 ring mail {rF+}
rPois    +         Spirit   +   (no helmet)
rElec    +         Reflect  .   k - +2 cloak
rCorr    +         Harm     .   x - +0 pair of gloves "Ximakuib" {+Fly rC++ rCorr Stlth+}
MR       +++..                  m - +0 pair of boots
Stlth    +++++++++.             a - amulet of faith
HPRegen  1.04/turn              R - ring "Owkagax" {rN+ MR+ Int+3 SInv}
MPRegen  0.17/turn              g - ring "Axaxoq" {*Contam rPois rF+ rN+ Slay+2}

@: lethally poisoned (0 -> 0), heroism, constricted
A: fangs 3, talons 2, regeneration 2, magic shield, antimagic bite, no potion
heal 3, rot immunity, MP-powered wands
a: Heroism, Finesse, Renounce Religion, Evoke Flight


You were on level 3 of the Snake Pit.
You worshipped Okawaru.
Okawaru was exalted by your worship.
You were very hungry.

You visited 4 branches of the dungeon, and saw 22 of its levels.
You also visited: Ossuary.

You collected 1747 gold pieces.
You spent 540 gold pieces at shops.

Inventory:

Hand Weapons
 A - a +8 dagger of electrocution
 E - the +5 quick blade of Fortitude (weapon) {venom, *Noise rElec rPois}
   (Okawaru gifted it to you on level 4 of the Lair of Beasts)

   It poisons the flesh of those it strikes.
   It insulates you from electricity.
   It protects you from poison.
   It may make noises in combat.
 J - a +1 antimagic rapier
Missiles
 c - 2 silver boomerangs
 e - 11 atropa-tipped darts
 l - 5 curare-tipped darts (quivered)
 p - 17 datura-tipped darts
 y - 3 throwing nets
Armour
 k - a +2 cloak (worn)
 m - a +0 pair of boots (worn)
 o - the +4 helmet of Ibbops Waep {-Cast rN+ Str+6 Stlth+}
   (You took it off Robin on level 2 of the Dungeon)

   It affects your strength (+6).
   It protects you from negative energy.
   It prevents spellcasting.
   It makes you more stealthy.
 x - the +0 pair of gloves "Ximakuib" (worn) {+Fly rC++ rCorr Stlth+}
   (Okawaru gifted it to you on level 2 of the Lair of Beasts)

   It greatly protects you from cold.
   It lets you fly.
   It provides partial protection from all sources of acid and corrosion.
   It makes you more stealthy.
 z - a +0 large shield (worn)
 B - a +3 ring mail of fire resistance (worn)
 Z - a +1 ring mail of positive energy
Jewellery
 a - an amulet of faith (around neck)
 g - the ring "Axaxoq" (right hand) {*Contam rPois rF+ rN+ Slay+2}
   (You bought it in a shop on level 1 of the Snake Pit)

   [ring of poison resistance]

   It affects your accuracy and damage with ranged weapons and melee attacks
   (+2).
   It protects you from fire.
   It protects you from poison.
   It protects you from negative energy.
   It causes magical contamination when unequipped.
 v - the ring of Byklatio {Fire *Corrode +Inv rElec Stlth+}
   (You found it on level 4 of the Lair of Beasts)

   [ring of fire]

   It enhances your fire magic.
   It protects you from fire.
   It makes you vulnerable to cold.
   It insulates you from electricity.
   It lets you turn invisible.
   It may corrode you when you take damage.
   It makes you more stealthy.
 C - the amulet of Qitered {Spirit +Fly rPois Str-4 Dex+3}
   (You found it on level 1 of the Lair of Beasts)

   [amulet of guardian spirit]

   It causes incoming damage to be split between your health and magic.
   It affects your strength (-4).
   It affects your dexterity (+3).
   It protects you from poison.
   It lets you fly.
 R - the ring "Owkagax" (left hand) {rN+ MR+ Int+3 SInv}
   (You found it on level 10 of the Dungeon)

   [ring of see invisible]

   It affects your intelligence (+3).
   It protects you from negative energy.
   It affects your resistance to hostile enchantments.
   It lets you see invisible.
 V - an uncursed ring of protection from cold
Wands
 b - a wand of digging (12)
 d - a wand of disintegration (53)
 D - a wand of enslavement (3)
 K - a wand of acid (3)
 O - a wand of flame (23)
 Y - a wand of paralysis (16)
Scrolls
 h - 14 scrolls of remove curse
 j - 4 scrolls of immolation
 n - 10 scrolls of teleportation
 r - a scroll of fear
 s - 7 scrolls of fog
 t - a scroll of blinking
 w - 3 scrolls of magic mapping
 L - a scroll of silence {unknown}
 N - 2 scrolls of holy word
 Q - a scroll of torment {unknown}
 S - 2 scrolls of enchant weapon
 T - 2 scrolls of identify
 U - a scroll of acquirement {unknown}
Potions
 i - a potion of mutation
 q - a potion of agility
 u - 10 potions of curing
 F - 2 potions of berserk rage
 G - 3 potions of haste
 H - a potion of cancellation {unknown}
 I - 3 potions of invisibility
 P - 3 potions of ambrosia {unknown}
 W - 2 potions of resistance
 X - 2 potions of lignification {unknown}
Comestibles
 f - 35 rations


   Skills:
 + Level 9.6(14.6) Fighting
 - Level 10.9(15.9) Short Blades
 + Level 3.6(8.6) Throwing
 + Level 8.6(13.6) Armour
 + Level 9.0(14.0) Dodging
 + Level 19.0(24.0) Stealth
 * Level 7.4(12.4) Shields
 * Level 6.5 Invocations


You had 15 spell levels left.
You didn't know any spells.
Your spell library contained the following spells:

 Spells                   Type           Power        Failure   Level  Hunger
 Corona                   Hex            #......      94%         1    ##.....
 Magic Dart               Conj           #...         94%         1    ##.....
 Shock                    Conj/Air       #...         94%         1    ##.....
 Blink                    Tloc           N/A          98%         2    ###....
 Call Imp                 Summ           #.......     98%         2    ###....
 Slow                     Hex            #.......     98%         2    ###....
 Sublimation of Blood     Necr           #.........   98%         2    ###....
 Swiftness                Chrm/Air       #.......     98%         2    ###....
 Conjure Flame            Conj/Fire      #.......     100%        3    ####...
 Ignite Poison            Fire/Tmut/Pois #.......     100%        3    ####...
 Inner Flame              Hex/Fire       #.......     100%        3    ####...
 Mephitic Cloud           Conj/Pois/Air  #.......     100%        3    ####...
 Portal Projectile        Hex/Tloc       #.....       100%        3    ####...
 Static Discharge         Conj/Air       #.......     100%        3    ####...
 Airstrike                Air            #.........   100%        4    #####..
 Cause Fear               Hex            #.........   100%        4    #####..
 Leda's Liquefaction      Hex/Erth       #.........   100%        4    #####..
 Petrify                  Tmut/Erth      #.......     100%        4    #####..
 Alistair's Intoxication  Tmut/Pois      #.......     100%        5    ######.
 Irradiate                Conj/Tmut      #.........   100%        5    ######.
 Lightning Bolt           Conj/Air       #.........   100%        5    ######.


Dungeon Overview and Level Annotations

Branches:
Dungeon (12/15)            Temple (1/1) D:5            Lair (6/6) D:8
  Swamp (0/4) Lair:3        Snake (3/4) Lair:2        Slime (0/5) Lair:5
    Orc (0/2) D:12        Ossuary (visited)

Altars:
Dithmenos
Elyvilon
Fedhas
Gozag
Hepliaklqana
Kikubaaqudgha
Makhleb
Nemelex Xobeh
Okawaru
Qazlal
Ru
Trog
Xom
The Shining One
Beogh
Jiyva

Shops:
D:6 *   D:7 ?*%(*   D:12 ?   Snake:1 =}}

Annotations:
D:7 2 transporters, bmj180's ghost, novice GrEE
Lair:5 1 runed translucent door


Innate Abilities, Weirdness & Mutations

You have razor-sharp teeth.
You heal very quickly.
When hurt, damage is shared between your health and your magic reserves.
Your bite disrupts and absorbs the magic of your enemies.
Potions cannot restore your health.
You are immune to rotting.
You have razor-sharp toenails.
You expend magic power (3 MP) to strengthen your wands.


Message History

The orb of energy hits you!!
* * * LOW HITPOINT WARNING * * *
The orb of energy explodes!
You are too injured to fight recklessly!
You hit the nagaraja.
The nagaraja is heavily wounded.
You feel sick. The nagaraja completely misses you. The nagaraja grabs you.
* * * LOW HITPOINT WARNING * * *
The nagaraja constricts you.
You are feeling very hungry.
You hit the nagaraja.
The nagaraja looks even sicker.
You bite the nagaraja, but do no damage.
The nagaraja is severely wounded.
As you read the scroll of fear, it crumbles to dust.
You assume a fearsome visage.
The nagaraja resists with almost no effort.
The salamander mystic looks frightened!
The salamander looks frightened! x2
You feel sick. The nagaraja hits you with a +0 spear!
* * * LOW HITPOINT WARNING * * *
You die...

### ## #(# ..# . #@# #.##
.. #N## #..## #.. ##N.#
##...###..S
#.#N#####(......... #
##NN(..#()......# # ####
###...N.N.S....# # ##..#
#.(......((...# #
####..#####..$.....##..N#
# ##...#........#....##
.N.#


You could see a nagaraja, a salamander mystic (fleeing) and 2 salamanders.

Vanquished Creatures
  Saint Roka (Snake:2)
  A nagaraja (Snake:3)
  Aizul (Snake:1)
  The ghost of GordonOverkill the Markscentaur, a journeyman CeFE of Okawaru (Lair:2)
  Fannar (D:12)
  A hydra (Lair:6)
  6 naga warriors
  7 anacondas
  4 two-headed ogres
  A death yak (Lair:4)
  3 naga sharpshooters
  5 shock serpents
  A salamander mystic (Snake:3)
  2 unseen horrors (D:12)
  6 sea snakes (Snake:3)
  A lindwurm (Lair:5)
  Pikel (D:8)
  2 naga ritualists
  A mana viper (Snake:3)
  A wolf spider zombie (D:12)
  2 ugly things (D:12)
  An oklob plant (Snake:1)
  9 salamanders
  A cyclops (D:12)
  A centaur zombie (D:12)
  3 guardian serpents (Snake:3)
  11 elephants
  19 black mambas
  9 naga magi
  Maurice (D:7)
  9 spiny frogs
  A gargoyle (D:12)
  3 rime drakes
  A kobold demonologist (D:11)
  3 komodo dragons
  A queen bee (D:10)
  Grinder (D:4)
  5 polar bears
  5 hornets (Lair:6)
  2 slime creatures (D:12)
  24 blink frogs
  2 bog bodies (Lair:3)
  6 hippogriffs
  12 spriggans
  A shadow (D:11)
  3 wyverns
  36 yaks
  6 basilisks
  3 hungry ghosts
  23 nagas
  Edmund (D:6)
  A warg (Snake:2)
  26 water moccasins
  10 porcupines
  Duvessa (D:5)
  2 ice beasts
  4 black bears
  8 ogres
  2 phantoms (D:11)
  2 slaves (D:8)
  14 orc warriors
  A necrophage (D:8)
  5 boggarts (Lair:6)
  18 wolves
  7 crocodiles
  7 centaurs
  A big kobold (D:12)
  14 bullfrogs
  3 elf zombies
  Dowan (D:5)
  7 elf skeletons (D:8)
  3 scorpions
  20 wights
  14 killer bees (D:10)
  An electric eel (Lair:4)
  4 howler monkeys
  8 crimson imps
  2 jellies
  A gnoll shaman (D:8)
  8 hounds
  2 human zombies (Ossuary)
  6 orc priests
  3 centaur skeletons
  A human skeleton (D:8)
  2 bullfrog skeletons
  6 iguanas
  16 worker ants
  12 orc wizards
  3 hound zombies
  4 mummies (Ossuary)
  A howler monkey zombie (D:9)
  A worker ant zombie (D:6)
  Robin (D:2)
  3 gnolls
  10 adders
  8 river rats (D:5)
  3 shadow imps
  4 adder skeletons
  An adder zombie (D:7)
  2 worms (D:2)
  A dart slug (D:3)
  2 leopard geckos (D:2)
  64 orcs
  6 bats
  A bat skeleton (D:2)
  5 giant cockroaches
  A gnoll zombie (Ossuary)
  16 goblins
  10 hobgoblins
  15 jackals
  12 kobolds
  10 quokkas
  2 ball pythons (Snake:3)
  4 frilled lizards
  A hobgoblin zombie (Ossuary)
  A jackal skeleton (D:2)
  A jackal zombie (Ossuary)
  2 leopard gecko skeletons
  A leopard gecko zombie (D:5)
  4 orc zombies
  4 quokka zombies
  23 rats
  A rat zombie (Ossuary)
723 creatures vanquished.

Vanquished Creatures (others)
  6 fungi (Lair:6)
  3 plants (Lair:6)
9 creatures vanquished.

Grand Total: 732 creatures vanquished

Notes
Turn   | Place    | Note
-------+----------+-------------------------------------------
     0 | D:1      | Kairok the Vine Stalker Assassin began the quest for the
                  | Orb.
     0 | D:1      | Reached XP level 1. HP: 11/11 MP: 2/2
   127 | D:1      | Reached skill level 5 in Stealth
   173 | D:1      | Reached XP level 2. HP: 15/15 MP: 3/3
   613 | D:1      | Reached XP level 3. HP: 16/18 MP: 4/4
   679 | D:2      | Identified the +4 helmet of Ibbops Waep {-Cast rN+ Str+6
                  | Stlth+}
   679 | D:2      | Noticed Robin
   773 | D:1      | Reached skill level 1 in Dodging
  1468 | D:2      | Gained mutation: Your natural rate of healing is unusually
                  | fast. [Vine Stalker growth]
  1468 | D:2      | Reached XP level 4. HP: 21/23 MP: 5/5
  1557 | D:2      | Killed Robin
  1675 | D:2      | Reached skill level 1 in Armour
  1909 | D:3      | Found a sacrificial altar of Ru.
  2281 | D:3      | Reached XP level 5. HP: 26/26 MP: 6/6
  2486 | D:4      | Noticed Grinder
  2510 | D:4      | Reached skill level 6 in Stealth
  2818 | D:4      | Killed Grinder
  2818 | D:4      | Reached XP level 6. HP: 17/31 MP: 5/7
  3031 | D:5      | Entered Level 5 of the Dungeon
  3115 | D:5      | Found a staircase to the Ecumenical Temple.
  3230 | Temple   | Entered the Ecumenical Temple
  3247 | Temple   | Became a worshipper of Warmaster Okawaru
  3319 | D:5      | Reached XP level 7. HP: 28/35 MP: 6/8
  3488 | D:5      | Reached * piety under Okawaru
  3488 | D:5      | Reached skill level 7 in Stealth
  3738 | D:5      | Noticed Duvessa
  3759 | D:5      | Noticed Dowan
  3778 | D:5      | Killed Duvessa
  3778 | D:5      | Gained mutation: You have razor-sharp teeth. [Vine Stalker
                  | growth]
  3778 | D:5      | Reached XP level 8. HP: 32/39 MP: 7/9
  3789 | D:5      | Killed Dowan
  4243 | D:6      | Reached skill level 8 in Stealth
  4357 | D:5      | Reached ** piety under Okawaru
  4357 | D:5      | Reached skill level 5 in Short Blades
  4408 | D:6      | Found a glowing golden altar of the Shining One.
  4410 | D:6      | Found a shimmering altar of Xom.
  4410 | D:6      | Found a radiant altar of Vehumet.
  4412 | D:6      | Found an ancient bone altar of Kikubaaqudgha.
  4412 | D:6      | Found a glowing golden altar of the Shining One.
  4412 | D:6      | Found a sacrificial altar of Ru.
  4641 | D:6      | Reached *** piety under Okawaru
  4641 | D:6      | Reached skill level 9 in Stealth
  4641 | D:6      | Reached XP level 9. HP: 44/44 MP: 10/10
  4720 | D:6      | Noticed Edmund
  4721 | D:6      | Killed Edmund
  4868 | D:6      | Found Apharomn's Elemental Accessories.
  4974 | D:7      | Found a transporter.
  4975 | D:7      | Noticed bmj180's ghost (novice GrEE)
  4976 | D:7      | Found a transporter.
  4989 | D:7      | Reached skill level 1 in Invocations
  5008 | D:7      | Found Abex's General Store.
  5019 | D:7      | Noticed a two-headed ogre
  5028 | D:7      | Killed a two-headed ogre
  5028 | D:7      | Reached **** piety under Okawaru
  5028 | D:7      | Reached skill level 10 in Stealth
  5079 | D:7      | Found Juteacruim's Weapon Shop.
  5092 | D:7      | Found Yxisteca's Assorted Antiques.
  5113 | D:7      | Reached XP level 10. HP: 49/49 MP: 11/11
  5376 | D:7      | Found Uvvieta's Food Shop.
  5486 | D:7      | Found Qeowudy's Magic Scroll Boutique.
  5587 | D:8      | Noticed Maurice
  5743 | D:8      | Reached skill level 5 in Armour
  5826 | D:7      | Killed Maurice
  5826 | D:7      | Reached ***** piety under Okawaru
  5826 | D:7      | Received a gift from Okawaru
  5881 | D:8      | Noticed a two-headed ogre
  5893 | D:8      | Killed a two-headed ogre
  5893 | D:8      | Reached skill level 5 in Dodging
  5935 | D:8      | Found a sand-covered staircase.
  5945 | D:8      | Received a gift from Okawaru
  5952 | Ossuary  | Entered an ossuary
  6146 | D:8      | Received a gift from Okawaru
  6167 | D:8      | Reached skill level 5 in Fighting
  6179 | D:8      | Reached skill level 11 in Stealth
  6222 | D:8      | Noticed Pikel
  6283 | D:8      | Killed Pikel
  6283 | D:8      | Reached XP level 11. HP: 54/56 MP: 12/12
  6307 | D:8      | Found a staircase to the Lair.
  7174 | D:9      | Reached skill level 12 in Stealth
  7610 | D:9      | Gained mutation: You have sharp toenails. [potion of
                  | mutation]
  7610 | D:9      | Gained mutation: You have a pair of small horns on your
                  | head. [potion of mutation]
  7610 | D:9      | Gained mutation: Your muscles are strong. (Str +2) [potion
                  | of mutation]
  7610 | D:9      | Gained mutation: You expend magic power (3 MP) to
                  | strengthen your wands. [potion of mutation]
  7611 | D:9      | Lost mutation: You have a pair of small horns on your head.
                  | [potion of mutation]
  7611 | D:9      | Lost mutation: Your muscles are strong. (Str +2) [potion of
                  | mutation]
  7611 | D:9      | Gained mutation: You have razor-sharp toenails. [potion of
                  | mutation]
  7671 | Lair:1   | Entered Level 1 of the Lair of Beasts
  7973 | Lair:1   | Got a translucent ruby amulet
  8305 | Lair:1   | Received a gift from Okawaru
  8308 | Lair:1   | Got a smoking dagger {god gift}
  8309 | Lair:1   | Identified the +7 dagger of the Insatiable Lovers {pain,
                  | +Fly rN+ Str-4} (Okawaru gifted it to you on level 1 of the
                  | Lair of Beasts)
  8406 | Lair:1   | Reached skill level 13 in Stealth
  8793 | Lair:1   | Identified the amulet of Qitered {Spirit +Fly rPois Str-4
                  | Dex+3} (You found it on level 1 of the Lair of Beasts)
  8903 | D:10     | Entered Level 10 of the Dungeon
  8974 | D:10     | Got a pitted lead ring
  8977 | D:10     | Identified the ring "Owkagax" {rN+ MR+ Int+3 SInv} (You
                  | found it on level 10 of the Dungeon)
  9080 | D:10     | Gained mutation: You heal very quickly. [Vine Stalker
                  | growth]
  9080 | D:10     | Reached XP level 12. HP: 57/61 MP: 14/14
  9125 | D:10     | Noticed a two-headed ogre
  9160 | D:10     | Killed a two-headed ogre
  9160 | D:10     | Reached ****** piety under Okawaru
  9265 | D:10     | Noticed a two-headed ogre
  9272 | D:10     | Killed a two-headed ogre
  9693 | D:11     | Received a gift from Okawaru
 10053 | D:11     | Reached skill level 14 in Stealth
 10245 | D:12     | Found Jereogg's Magic Scroll Shop.
 10316 | D:12     | Received a gift from Okawaru
 10317 | D:12     | Found the +0 Maxwell's etheric cage {RegenMP+ *Contam rElec
                  | MP+4}
 10328 | D:12     | Noticed Fannar
 10346 | D:12     | Killed Fannar
 10614 | D:12     | Found a staircase to the Orcish Mines.
 10637 | D:12     | Reached skill level 15 in Stealth
 10836 | D:12     | Found a roughly hewn altar of Beogh.
 11280 | Lair:2   | Reached XP level 13. HP: 67/67 MP: 15/15
 11338 | Lair:2   | Found a staircase to the Snake Pit.
 11670 | Lair:2   | Received a gift from Okawaru
 11670 | Lair:2   | Reached skill level 16 in Stealth
 11679 | Lair:2   | Got a pair of bloodstained gloves {god gift}
 11685 | Lair:2   | Identified the +0 pair of gloves "Ximakuib" {+Fly rC++
                  | rCorr Stlth+} (Okawaru gifted it to you on level 2 of the
                  | Lair of Beasts)
 11804 | Lair:2   | Reached skill level 10 in Short Blades
 11819 | Lair:2   | Found a runed translucent door.
 11822 | Lair:2   | Noticed GordonOverkill's ghost (journeyman CeFE)
 12101 | Lair:2   | Killed GordonOverkill's ghost
 12148 | Snake:1  | Entered Level 1 of the Snake Pit
 12325 | Lair:3   | Found a staircase to the Swamp.
 13178 | Lair:4   | Received a gift from Okawaru
 13221 | Lair:4   | Reached skill level 17 in Stealth
 13372 | Lair:4   | Got a crude lead ring
 13373 | Lair:4   | Identified the ring of Byklatio {Fire *Corrode +Inv rElec
                  | Stlth+} (You found it on level 4 of the Lair of Beasts)
 13575 | Lair:4   | Received a gift from Okawaru
 13578 | Lair:4   | Got a brightly glowing quick blade {god gift}
 13579 | Lair:4   | Identified the +5 quick blade of Fortitude {venom, *Noise
                  | rElec rPois} (Okawaru gifted it to you on level 4 of the
                  | Lair of Beasts)
 13776 | Lair:5   | Reached XP level 14. HP: 47/72 MP: 14/17
 13779 | Lair:5   | Got a twisted leather armour
 13790 | Lair:5   | Identified the +2 leather armour of Avil {Int+6 Stlth-}
                  | (You found it on level 5 of the Lair of Beasts)
 13852 | Lair:5   | Found a runed translucent door.
 13853 | Lair:5   | Found a viscous altar of Jiyva.
 14601 | Lair:5   | Found a staircase to the Slime Pits.
 14620 | Lair:6   | Entered Level 6 of the Lair of Beasts
 15090 | Lair:5   | Received a gift from Okawaru
 15686 | Lair:6   | Paralysed by a hornet for 1 turns
 15690 | Lair:6   | Reached skill level 1 in Shields
 16316 | Snake:1  | Found a burning altar of Makhleb.
 16393 | Snake:1  | Found Yjezxomo's Jewellery Boutique.
 16394 | Snake:1  | Found Qeohuot's Gadget Shoppe.
 16394 | Snake:1  | Found Nageur's Gadget Shoppe.
 16409 | Snake:1  | Bought a cursed -5 ring of strength for 24 gold pieces
 16409 | Snake:1  | Bought a cursed -6 ring of evasion for 24 gold pieces
 16413 | Snake:1  | Bought the ring "Axaxoq" {*Contam rPois rF+ rN+ Slay+2} for
                  | 492 gold pieces
 16452 | Snake:1  | Reached skill level 18 in Stealth
 16494 | Snake:1  | Received a gift from Okawaru
 16992 | Snake:1  | Noticed Aizul
 17021 | Snake:1  | Killed Aizul
 17021 | Snake:1  | Received a gift from Okawaru
 17021 | Snake:1  | Reached XP level 15. HP: 79/79 MP: 19/19
 17035 | Snake:1  | Received a gift from Okawaru
 17483 | Snake:2  | Reached skill level 5 in Invocations
 17508 | Snake:2  | Noticed Saint Roka
 17723 | Snake:2  | Killed Saint Roka
 18202 | Snake:3  | Reached skill level 5 in Shields
 18421 | Snake:3  | Received a gift from Okawaru
 18466 | Snake:3  | Reached skill level 19 in Stealth
 18672 | Snake:3  | Received a gift from Okawaru
 18828 | Snake:3  | Noticed a nagaraja
 18832 | Snake:3  | Killed a nagaraja
 19032 | Snake:3  | HP: 3/79 [naga sharpshooter/bolt (6)]
 19037 | Snake:3  | HP: 2/79 [naga sharpshooter/bolt (2)]
 19041 | Snake:3  | Reached XP level 16. HP: 3/84 MP: 15/21
 19118 | Snake:3  | Noticed a nagaraja
 19156 | Snake:3  | HP: 2/84 [nagaraja/+0 spear (8)]
 19156 | Snake:3  | Slain by a nagaraja

Levels and vault maps discovered:
D:1:      dpeg_arrival_rhombi, layout_loops_ring
D:2:      layout_rooms, serial_undead, serial_undead_b, serial_undead_c,
          serial_undead_d, serial_undead_d, serial_undead_b, serial_undead_f,
          uniq_robin
D:3:      layout_loops_ring, old_standard_altar
D:4:      layout_rooms, first_ration, nrook_mini_vaults, uniq_grinder
D:5:      lemuel_ratsnest, layout_basic, minmay_temple_entry_mini_moons,
          uniq_duvessa
D:6:      layout_cave_pools, nicolae_elemental_shop, doesnt_xom_only_xom,
          uniq_edmund
D:7:      layout_loops_cross, gammafunk_ghost_arena, serial_shops, shop,
          kennysheep_mini, shop_fountains, nicolae_shop_behind_doors,
          shop_fountains
D:8:      cheibrodos_two_vegetables, layout_rooms, lair_entry_dummy,
          nicolae_ossuary_entry_catacombs, uniq_maurice, uniq_pikel
D:9:      layout_loops_corners
D:10:     layout_cave_pools, david_nohive_1
D:11:     layout_long_grid
D:12:     layout_loops_ring, david_orc_2, special_room [special_room_orc],
          serial_shops, shop, kennysheep_windowed_goal, uniq_fannar
Temple:   nicolae_temple_the_god_donut
Lair:1:   layout_regular_city
Lair:2:   layout_misc_corridors, guppyfry_snake_entry_island,
          ebering_ghost_reflecting_pool
Lair:3:   layout_cave_pods, skrybe_swamp_entry_bodies, st_stairs_12
Lair:4:   layout_hall_layers, st_stairs_13, nicolae_quartered_pool_medium,
          beast_lair_carwin_7
Lair:5:   layout_cave_pods, slime_altar_2, grunt_megastairs_1,
          serial_bayou_shore_a
Lair:6:   minmay_lair_end_enchanted_forest, layout_loops_ring,
          grunt_forest_stairs_basic, serial_bayou_shore_b
Snake:1:  layout_onion_interference, lemuel_oklob_altar, minmay_shop_grove,
          uniq_aizul
Snake:2:  layout_rooms, uniq_saint_roka
Snake:3:  layout_layer_cave, nicolae_snake_springs

Skill      XL: |  1  2  3  4  5  6  7  8  9 10 11 12 13 14 15 |
---------------+----------------------------------------------+-----
Stealth        | 5 6 7 9 10 11 13 15 17 18 19 | 19.0
Short Blades   | 2 3 4 5 6 7 8 9 10 | 10.9
Fighting       | 2 3 5 6 7 9 |  9.6
Dodging        | 1 2 3 4 5 6 7 8 9 |  9.0
Armour         | 1 2 3 4 5 6 7 8 |  8.6
Throwing       | 2 3 |  3.6
Invocations    | 1 2 3 4 6 |  6.5
Shields        | 3 7 |  7.4

Action                   |  1- 3 |  4- 6 |  7- 9 | 10-12 | 13-15 | 16-18 || total
-------------------------+-------+-------+-------+-------+-------+-------++-------
Melee: Dagger            |   112 |   124 |   293 |   793 |   330 |       ||  1652
       Bite              |    29 |    44 |    99 |   314 |   680 |    11 ||  1177
       Punch             |       |       |       |     2 |     6 |       ||     8
       Quick blade       |       |       |       |       |  1171 |    25 ||  1196
Throw: Dart              |       |    16 |     5 |     2 |     8 |     2 ||    33
       Throwing net      |       |       |       |       |     1 |       ||     1
Invok: Heroism           |       |       |     1 |     8 |    15 |     1 ||    25
       Finesse           |       |       |       |       |     1 |       ||     1
Evoke: Wand              |       |       |       |       |     1 |       ||     1
  Use: Scroll            |     6 |     3 |     3 |    16 |    13 |     1 ||    42
       Potion            |     2 |       |       |     2 |     1 |       ||     5
 Stab: Sleeping          |     5 |     7 |    12 |    58 |    50 |       ||   132
       Distracted        |       |       |     1 |     5 |     7 |       ||    13
       Invisible         |       |       |     1 |       |       |       ||     1
       Held in net/web   |       |       |       |       |     3 |       ||     3
  Eat: Chunk             |       |     7 |     6 |    20 |    12 |       ||    45
       Ration            |       |       |       |     2 |     4 |       ||     6
Armor: Ring mail         |    68 |    82 |    83 |   225 |   272 |     4 ||   734
Dodge: Dodged            |    95 |   104 |   162 |   453 |   540 |     5 ||  1359
Block: Shield            |       |       |       |       |   116 |       ||   116
       Buckler           |       |       |       |       |    22 |       ||    22
       Large shield      |       |       |       |       |   153 |     9 ||   162

Table legend:
 A = Non-vault XP
 B = Vault XP
 C = Vault XP percentage of total XP
 D = Non-vault monster count
 E = Vault monster count
 F = Vault count percentage of total count
                 A         B        C        D         E       F
            +---------+---------+-------+---------+---------+-------
      Total |   95012 |   35313 |  27.1 |     486 |     235 |  32.6
            +---------+---------+-------+---------+---------+-------
        D:1 |      52 |       7 |  11.9 |      22 |       4 |  15.4
        D:2 |      26 |      50 |  65.8 |      11 |      16 |  59.3
        D:3 |      39 |       0 |   0.0 |      16 |       0 |   0.0
        D:4 |      93 |     286 |  75.5 |      10 |       1 |   9.1
        D:5 |     915 |     359 |  28.2 |      26 |      35 |  57.4
        D:6 |    1391 |     162 |  10.4 |      32 |       1 |   3.0
        D:7 |    2198 |     426 |  16.2 |      25 |       1 |   3.8
        D:8 |    2306 |    1530 |  39.9 |      25 |      13 |  34.2
        D:9 |    1374 |       0 |   0.0 |      19 |       0 |   0.0
       D:10 |    3539 |    1174 |  24.9 |      24 |      15 |  38.5
       D:11 |    2073 |       0 |   0.0 |      32 |       0 |   0.0
       D:12 |    6756 |    2394 |  26.2 |      39 |      36 |  48.0
     Lair:1 |    4382 |       0 |   0.0 |      20 |       0 |   0.0
     Lair:2 |    5421 |    1352 |  20.0 |      25 |       3 |  10.7
     Lair:3 |    6314 |     844 |  11.8 |      24 |       3 |  11.1
     Lair:4 |    4974 |    3271 |  39.7 |      19 |       8 |  29.6
     Lair:5 |    3580 |     327 |   8.4 |      13 |       2 |  13.3
     Lair:6 |    6613 |    7834 |  54.2 |      23 |      45 |  66.2
    Snake:1 |   14113 |    2389 |  14.5 |      29 |       2 |   6.5
    Snake:2 |    8434 |    5261 |  38.4 |      17 |      12 |  41.4
    Snake:3 |   20419 |    7241 |  26.2 |      35 |      22 |  38.6
    Ossuary |       0 |     406 | 100.0 |       0 |      16 | 100.0
            +---------+---------+-------+---------+---------+-------
